[Event "ICCopen2017"]
[Site "Internet Chess Club"]
[Date "2017.03.19"]
[Round "8"]
[White "burbur"]
[Black "progre69"]
[Result "1-0"]
[ICCResult "Black resigns"]
[WhiteElo "2478"]
[BlackElo "2147"]
[Opening "Queen's pawn game"]
[ECO "E06"]
[NIC "QP.06"]
[Time "20:38:25"]
[TimeControl "180+0"]

1. d4 Nf6 2. Nf3 e6 3. g3 Be7 4. Bg2 O-O 5. O-O d5 6. c4 b6 7. cxd5 exd5 8.
b3 Re8 9. Bb2 c6 10. Nbd2 Nbd7 11. Qc2 Bb7 12. Rfd1 Nf8 13. Ne5 Ng6 14. Nxc6
Rc8 15. Nxd8 Rxc2 16. Nxb7 Rxb2 17. e4 Rb8 18. e5 Rxb7 19. exf6 Bxf6 20.
Bxd5 Rd7 21. Nc4 Rc2 22. Ne3 Re2 23. Bf3 Rb2 24. Nd5 Ne7 25. Nxf6+ gxf6 26.
Kf1 Nf5 27. d5 Rc7 28. Be4 Nd6 29. Bd3 Rc3 30. Rac1 Rxc1 31. Rxc1 Rxa2 32.
Rc6 Ne8 33. Rc8 Kf8 34. Bb5 Ra1+ 35. Ke2 {Black resigns} 1-0

[Event "ICCopen2017"]
[Site "Internet Chess Club"]
[Date "2017.03.19"]
[Round "8"]
[White "MassCarnage"]
[Black "SPARNALIQ"]
[Result "0-1"]
[ICCResult "White resigns"]
[WhiteElo "1862"]
[BlackElo "2918"]
[Opening "King's pawn opening"]
[ECO "B07"]
[NIC "VO.17"]
[Time "20:38:21"]
[TimeControl "180+0"]

1. e4 d6 2. Nc3 Nf6 3. f4 Nc6 4. Nf3 g6 5. Bc4 Bg7 6. f5 O-O 7. d3 e6 8.
fxg6 hxg6 9. O-O a6 10. Qe1 b5 11. Bb3 Nh7 12. Qg3 Nd4 13. Ng5 Nxg5 14. Bxg5
Qd7 15. Qh4 c5 16. Rae1 Bb7 17. Re3 f5 18. Rh3 c4 19. dxc4 b4 20. Ba4 Bc6
21. Bxc6 Qxc6 22. Nd1 Qxc4 23. Ne3 Qc5 24. Qh7+ Kf7 25. Bh6 Rg8 26. Kh1 Qe5
27. Rg3 Qf6 28. Ng4 Rh8 29. Nxf6 Rxh7 30. Nxh7 Bxh6 31. Ng5+ Kf6 32. Nf3
Nxc2 33. exf5 gxf5 34. h4 Ne3 35. Re1 Rc8 36. Ng5 f4 37. Rf3 Bxg5 38. hxg5+
Kxg5 39. Kg1 e5 40. g3 Kg4 41. Rf2 Kxg3 42. Rd2 d5 43. Kh1 d4 44. Rg1+ Kf3
45. Rg5 Rc1+ 46. Kh2 Nf1+ 47. Kh3 Nxd2 {White resigns} 0-1

[Event "ICCopen2017"]
[Site "Internet Chess Club"]
[Date "2017.03.19"]
[Round "8"]
[White "chesscomet"]
[Black "mrneale"]
[Result "1-0"]
[ICCResult "Black forfeits on time"]
[WhiteElo "1502"]
[BlackElo "1080"]
[Opening "Scotch gambit"]
[ECO "C44"]
[NIC "SO.06"]
[Time "20:37:48"]
[TimeControl "180+0"]

1. e4 e5 2. Nf3 Nc6 3. d4 exd4 4. Bc4 d6 5. Nxd4 Nxd4 6. Qxd4 Be6 7. Bxe6
fxe6 8. Nc3 Qf6 9. Qxf6 Nxf6 10. O-O Be7 11. Re1 e5 12. Bd2 O-O 13. Nd5 Nxd5
14. exd5 c6 15. dxc6 bxc6 16. Be3 d5 17. Bd2 Bd6 18. Bc3 e4 19. Re3 Bc5 20.
Re2 Rf7 21. Rf1 a5 22. Kh1 d4 23. Bd2 Re8 24. Rfe1 e3 25. fxe3 dxe3 26. Bc3
Bb4 27. Bxb4 axb4 28. g3 Rfe7 29. Kg2 h5 30. Kf3 Rf8+ 31. Kg2 Rfe8 32. h4 g6
33. Kh3 Kg7 34. g4 hxg4+ 35. Kxg4 Re4+ 36. Kg3 Kh6 37. Kf3 g5 38. hxg5+ Kxg5
39. Rxe3 Rxe3+ 40. Rxe3 Rxe3+ 41. Kxe3 Kf5 42. Kd4 Ke6 43. Kc4 Kd6 44. Kxb4
c5+ 45. Kc4 Kc6 46. a4 Kb6 47. b3 Kc6 48. c3 Kb6 49. b4 cxb4 50. cxb4 Ka6
51. a5 {Black forfeits on time} 1-0

[Event "ICCopen2017"]
[Site "Internet Chess Club"]
[Date "2017.03.19"]
[Round "8"]
[White "RebelJohnny"]
[Black "YKQ"]
[Result "1-0"]
[ICCResult "Black resigns"]
[WhiteElo "2054"]
[BlackElo "2454"]
[Opening "Bird: From gambit"]
[ECO "A02"]
[NIC "VO.07"]
[Time "20:38:09"]
[TimeControl "180+0"]

1. f4 e5 2. fxe5 d6 3. Nf3 g5 4. e4 g4 5. Nd4 dxe5 6. Nf5 Bxf5 7. exf5 Nf6
8. Bc4 Bc5 9. d3 Nc6 10. Nc3 O-O 11. Bg5 h5 12. h3 Qd4 13. Qd2 Nh7 14. Bh6
Rfe8 15. O-O-O Bb4 16. hxg4 Qxg4 17. Rde1 Nd4 18. Re4 Qxf5 19. Reh4 Nf6 20.
Qg5+ Qxg5+ 21. Bxg5 Ng4 22. Rxh5 Bxc3 23. bxc3 Ne2+ 24. Kd2 Ng3 25. Rh8+ Kg7
26. R1h7+ Kg6 27. Bxf7+ Kxg5 28. Rxe8 Rxe8 29. Bxe8 Nf6 30. Rg7+ Kf4 31. Bg6
Nf1+ 32. Kc1 Ne3 33. Rxc7 Nxg2 34. Rxb7 a5 35. Ra7 Nd5 36. Be4 Nge3 37. Bxd5
Nxd5 38. c4 Nc3 39. Kb2 Nd1+ 40. Kb3 e4 41. dxe4 Kxe4 42. Rxa5 Kd4 43. Rd5+
{Black resigns}
1-0

[Event "ICCopen2017"]
[Site "Internet Chess Club"]
[Date "2017.03.19"]
[Round "8"]
[White "JUGGERNOT"]
[Black "jcgs1030"]
[Result "1-0"]
[ICCResult "Black checkmated"]
[WhiteElo "1777"]
[BlackElo "1925"]
[Opening "Bird: From gambit"]
[ECO "A02"]
[NIC "VO.07"]
[Time "20:38:08"]
[TimeControl "180+0"]

1. f4 e5 2. fxe5 d6 3. Nf3 dxe5 4. e4 Nc6 5. Bc4 Bg4 6. d3 Nf6 7. c3 Bc5 8.
Bg5 h6 9. Bh4 g5 10. Bg3 Qe7 11. Qe2 O-O-O 12. Nbd2 Nh5 13. O-O-O Nf4 14.
Bxf4 gxf4 15. h3 Bh5 16. b4 Bb6 17. Bb3 Rhg8 18. Qf1 Be3 19. Kb2 a5 20. a3
Na7 21. Nc4 axb4 22. axb4 Nb5 23. Ncxe5 Nxc3 24. Kxc3 c5 25. Ra1 cxb4+ 26.
Kb2 Bxf3 27. Nxf3 Qf6+ 28. e5 Qc6 29. Qe1 Rxg2+ 30. Kb1 Rxd3 31. Qxb4 Bc5
32. Ra8+ Kc7 33. Qa5+ Bb6 34. Qb4 Qxf3 35. Rc1+ Kd7 36. Qb5+ Ke7 37. Qe8#
{Black checkmated}
1-0

[Event "ICCopen2017"]
[Site "Internet Chess Club"]
[Date "2017.03.19"]
[Round "8"]
[White "lion100"]
[Black "CaptEvans"]
[Result "0-1"]
[ICCResult "White resigns"]
[WhiteElo "1407"]
[BlackElo "1644"]
[Opening "King's pawn opening"]
[ECO "B07"]
[NIC "VO.17"]
[Time "20:38:25"]
[TimeControl "180+0"]

1. e4 d6 2. Nf3 c6 3. d4 g6 4. Be3 f6 5. Nc3 Nh6 6. Qd2 Ng4 7. Bf4 e5 8. Bg3
Bg7 9. h3 Nh6 10. O-O-O Nf7 11. Bc4 d5 12. exd5 Bh6 13. dxc6 Bxd2+ 14. Rxd2
Qe7 15. Re1 Nxc6 16. dxe5 Ncxe5 17. Nxe5 fxe5 18. Bxf7+ Kxf7 19. Bxe5 Re8
20. f4 Be6 21. Kb1 Rad8 22. Rde2 Qc5 23. Ne4 Qa5 24. Ng5+ Kg8 25. Nxe6 Rxe6
26. h4 Rd2 27. Bc3 Rdxe2 28. Bd2 Rxe1+ {White resigns} 0-1

[Event "ICCopen2017"]
[Site "Internet Chess Club"]
[Date "2017.03.19"]
[Round "8"]
[White "Guinicapo"]
[Black "KnightWalker"]
[Result "1-0"]
[ICCResult "Black forfeits on time"]
[WhiteElo "1942"]
[BlackElo "1411"]
[Opening "Catalan: closed, 5.Nf3"]
[ECO "E08"]
[NIC "CA.04"]
[Time "20:37:53"]
[TimeControl "180+0"]

1. d4 d5 2. Nf3 e6 3. c4 Nf6 4. g3 Be7 5. Bg2 O-O 6. O-O c6 7. Qc2 Nbd7 8.
Rd1 b6 9. b3 Bb7 10. Nc3 Qc7 11. e4 dxe4 12. Nxe4 Nxe4 13. Qxe4 c5 14. Bf4
Bxe4 15. Bxc7 Rac8 16. Bf4 Rfd8 17. d5 exd5 18. cxd5 Bf6 19. Rac1 Bxf3 20.
Bxf3 Bd4 21. Be3 Bb2 22. Rc2 Bf6 23. Bg2 Ne5 24. h3 Kf8 25. f4 Nd7 26. Kf2
Re8 27. Bf3 g6 28. Bg4 Rcd8 29. a3 h6 30. b4 cxb4 31. axb4 Be7 32. Rc7 Nf6
33. Bf3 Bxb4 34. Rxa7 Bc5 35. Bxc5+ bxc5 36. d6 Rd7 37. Rxd7 Nxd7 38. Bc6
Rd8 39. Re1 Nb8 40. Bb5 Rxd6 41. Re8+ Kg7 42. Rxb8 Rd4 43. Rc8 Rd2+ 44. Kf3
Rc2 45. h4 Rc3+ 46. Kg2 f5 47. Rc6 Kf7 48. h5 gxh5 49. Rxh6 Rb3 50. Bc4+
{Black forfeits on time}
1-0

[Event "ICCopen2017"]
[Site "Internet Chess Club"]
[Date "2017.03.19"]
[Round "8"]
[White "EngHany"]
[Black "BotanicalKnight"]
[Result "1-0"]
[ICCResult "Black forfeits on time"]
[WhiteElo "1820"]
[BlackElo "1521"]
[Opening "Dutch: stonewall with Nc3"]
[ECO "A40"]
[NIC "QO.17"]
[Time "20:37:46"]
[TimeControl "180+0"]

1. d4 c6 2. c4 f5 3. Nc3 e6 4. g3 d5 5. Bg2 Nf6 6. Nf3 Be7 7. O-O O-O 8. Bf4
Ne4 9. Ne5 Nd7 10. Rc1 g5 11. Nxd7 Bxd7 12. Be5 Bf6 13. Bxf6 Qxf6 14. f3
Nxc3 15. Rxc3 a5 16. e4 dxc4 17. Rxc4 f4 18. e5 Qg7 19. Qb3 b5 20. Rc5 fxg3
21. hxg3 h5 22. Rxc6 a4 23. Qxb5 Bxc6 24. Qxc6 Qe7 25. f4 gxf4 26. Bh3 Rae8
27. Rxf4 Rxf4 28. gxf4 Qg7+ 29. Kh2 Qe7 30. Qg2+ Kf7 31. Qe4 Rg8 32. Qh7+
Rg7 33. Qxh5+ Kf8 34. Qh6 Qf7 35. Bxe6 {Black forfeits on time} 1-0

[Event "ICCopen2017"]
[Site "Internet Chess Club"]
[Date "2017.03.19"]
[Round "8"]
[White "refid"]
[Black "RnZ"]
[Result "1-0"]
[ICCResult "Black resigns"]
[WhiteElo "1817"]
[BlackElo "1986"]
[Opening "Sicilian: dragon variation"]
[ECO "B70"]
[NIC "SI.15"]
[Time "20:37:36"]
[TimeControl "180+0"]

1. e4 c5 2. Nf3 d6 3. d4 cxd4 4. Nxd4 Nf6 5. Nc3 g6 6. Be2 Bg7 7. O-O O-O 8.
Re1 Nc6 9. Nb3 a5 10. a4 Be6 11. Bf1 Bxb3 12. cxb3 Nb4 13. Bc4 Nc6 14. Bg5
Ne5 15. Bb5 h6 16. Bh4 Kh7 17. Qe2 Nc6 18. Rad1 Ne5 19. h3 Rc8 20. f4 Nc6
21. e5 Nh5 22. exd6 Qb6+ 23. Bf2 Bd4 24. Bxc6 Bxf2+ 25. Qxf2 Qxc6 26. dxe7
Rfe8 27. Ne4 Rc7 28. g4 Nf6 29. Nxf6+ Qxf6 30. Qd4 Qxd4+ 31. Rxd4 Rexe7 32.
Rxe7 Rxe7 33. Kf2 Rc7 34. Ke3 Kg7 35. Rc4 Rd7 36. b4 Rd5 37. bxa5 Rxa5 38.
Rb4 Kf6 39. b3 g5 40. Rxb7 gxf4+ 41. Kxf4 Rd5 42. Rb6+ Kg7 43. a5 f6 44. b4
Rd4+ 45. Kg3 Kg6 46. a6 h5 47. a7 Rd3+ 48. Kf2 Ra3 49. Rb7 hxg4 50. hxg4 Kg5
51. Rb5+ f5 52. Ra5 Rb3 53. a8=Q Rb2+ 54. Ke1 Kf4 55. Rxf5+ Ke3 56. Qf3+ Kd4
57. Rd5+ Kc4 58. Qd3+ Kxb4 59. Rd4+ Kc5 60. Qc3+ Kb5 61. Qxb2+ {Black
resigns} 1-0

[Event "ICCopen2017"]
[Site "Internet Chess Club"]
[Date "2017.03.19"]
[Round "8"]
[White "ehkopean"]
[Black "MaxiBomb"]
[Result "0-1"]
[ICCResult "White checkmated"]
[WhiteElo "1774"]
[BlackElo "2116"]
[Opening "Scandinavian: Pytel-Wade variation"]
[ECO "B01"]
[NIC "SD.02"]
[Time "20:38:11"]
[TimeControl "180+0"]

1. e4 d5 2. exd5 Qxd5 3. Nc3 Qd6 4. g3 Nf6 5. Bg2 c6 6. Nf3 Bf5 7. O-O e6 8.
d3 Qc7 9. Bf4 Bd6 10. Bxd6 Qxd6 11. Qe2 O-O 12. Ne4 Qd8 13. Rfd1 Nbd7 14.
Nd4 Bg6 15. Nb3 a5 16. a3 a4 17. Nbd2 Qb6 18. Nc4 Qc7 19. Qe3 Nd5 20. Qe2 b5
21. Ne3 Nxe3 22. Qxe3 Rac8 23. Nc5 Nxc5 24. Qxc5 Rfd8 25. b3 axb3 26. cxb3
Bxd3 27. Rac1 Be2 28. Rxd8+ Rxd8 29. Bxc6 h5 30. Qe3 Rd1+ 31. Rxd1 Bxd1 32.
Bxb5 h4 33. Bc4 h3 34. f4 Qc6 35. Bf1 Bg4 36. b4 g6 37. Qc5 Qe4 38. Qc8+ Kh7
39. Qc3 Be2 40. Bxe2 Qg2# {White checkmated} 0-1

[Event "ICCopen2017"]
[Site "Internet Chess Club"]
[Date "2017.03.19"]
[Round "8"]
[White "BoldPlan"]
[Black "nr3"]
[Result "1-0"]
[ICCResult "Black checkmated"]
[WhiteElo "1777"]
[BlackElo "1630"]
[Opening "French: King's Indian attack"]
[ECO "C00"]
[NIC "FR.02"]
[Time "20:38:11"]
[TimeControl "180+0"]

1. e4 e6 2. d3 d5 3. Nd2 Nf6 4. Ngf3 dxe4 5. dxe4 Bc5 6. Bd3 e5 7. O-O Nc6
8. a3 a5 9. b3 O-O 10. Bb2 Bg4 11. h3 Bh5 12. Re1 Re8 13. Nf1 Nd4 14. N1h2
Qd7 15. g4 Bg6 16. Nxd4 Bxd4 17. Bxd4 exd4 18. f3 c5 19. a4 Qd6 20. Nf1 h5
21. g5 Nd7 22. Qd2 Ne5 23. Kg2 Re6 24. Bb5 Rd8 25. f4 Nc6 26. f5 Bxf5 27.
exf5 Rxe1 28. Rxe1 Qd5+ 29. Kg1 Qxf5 30. Bd3 Qxh3 31. Qg2 Qd7 32. g6 f6 33.
Ng3 Qc7 34. Nxh5 Rd5 35. Qxd5+ Kh8 36. Re8# {Black checkmated} 1-0

[Event "ICCopen2017"]
[Site "Internet Chess Club"]
[Date "2017.03.19"]
[Round "8"]
[White "Littlejack1"]
[Black "blunder23"]
[Result "0-1"]
[ICCResult "White forfeits on time"]
[WhiteElo "1334"]
[BlackElo "1443"]
[Opening "Sicilian: Canal-Sokolsky (Nimzovich-Rossolimo, Moscow) attack"]
[ECO "B51"]
[NIC "SI.01"]
[Time "20:37:50"]
[TimeControl "180+0"]

1. e4 c5 2. Nf3 d6 3. Bb5+ Nc6 4. Bxc6+ bxc6 5. d4 Ba6 6. dxc5 dxc5 7. Ne5
Qxd1+ 8. Kxd1 Rd8+ 9. Ke1 Rd6 10. Nc3 f6 11. Nf3 e5 12. Be3 Rd8 13. Na4 Nh6
14. Nxc5 Bxc5 15. Bxc5 Kf7 16. Bxa7 Rd7 17. Be3 Ng4 18. h3 Nxe3 19. fxe3
Rhd8 20. Kf2 g5 21. g4 h6 22. h4 Kg6 23. hxg5 hxg5 24. Rh5 Rh7 25. Rxh7 Kxh7
26. Rh1+ Kg6 27. Re1 Rb8 28. b3 c5 29. c4 Ra8 30. Ra1 Bb7 31. Ne1 Bc6 32.
Kf3 Rh8 33. Kg3 Rh1 34. Kg2 Bxe4+ 35. Kf2 Rh2+ 36. Kg3 Re2 37. a4 Rxe3+ 38.
Kf2 Rxb3 {White forfeits on time} 0-1

[Event "ICCopen2017"]
[Site "Internet Chess Club"]
[Date "2017.03.19"]
[Round "8"]
[White "Osinger"]
[Black "gijoe2009"]
[Result "1-0"]
[ICCResult "Black forfeits on time"]
[WhiteElo "1629"]
[BlackElo "1808"]
[Opening "Sicilian: Smith-Morra gambit"]
[ECO "B21"]
[NIC "SI.48"]
[Time "20:38:01"]
[TimeControl "180+0"]

1. e4 c5 2. d4 cxd4 3. c3 d3 4. Nf3 Nc6 5. Bxd3 d6 6. O-O g6 7. Qe2 Bg7 8.
Rd1 Qc7 9. Bf4 e5 10. Bg5 h6 11. Bh4 Be6 12. Nbd2 Nge7 13. Nc4 g5 14. Bg3
Rd8 15. b4 a6 16. a4 O-O 17. a5 d5 18. Nb6 d4 19. Rac1 dxc3 20. Rxc3 Qb8 21.
Rb1 Ng6 22. Qe3 Nf4 23. Bxa6 Nd4 24. Bf1 Bg4 25. Nd2 Be2 26. Rc5 Bxf1 27.
Kxf1 Nde6 28. Ndc4 Nxc5 29. bxc5 Rd3 30. Qc1 Rfd8 31. Nd6 R3xd6 32. cxd6
Qxd6 33. Bxf4 exf4 34. Qc2 f3 35. gxf3 Qxh2 36. Ke2 Qf4 37. Nd5 Qe5 38. Rxb7
Rxd5 39. Qc8+ Bf8 40. Rxf7 Kxf7 41. Qb7+ Be7 42. Qxd5+ Qxd5 43. exd5 Bc5 44.
Kd3 Ke7 45. Ke4 Kd6 46. Kf5 Bxf2 47. Kg6 Be3 48. Kxh6 Kxd5 49. a6 Kc6 50.
Kh5 Kb6 51. Kg4 Kxa6 52. Kf5 Kb6 53. Ke4 Bf4 54. Kf5 Kc5 55. Ke4
{Black forfeits on time}
1-0

[Event "ICCopen2017"]
[Site "Internet Chess Club"]
[Date "2017.03.19"]
[Round "8"]
[White "Zephyr"]
[Black "BillietheKid"]
[Result "1/2-1/2"]
[ICCResult "Game drawn by repetition"]
[WhiteElo "1551"]
[BlackElo "1387"]
[Opening "QGD semi-Slav"]
[ECO "D43"]
[NIC "SL.06"]
[Time "20:38:30"]
[TimeControl "180+0"]

1. d4 e6 2. c4 d5 3. Nc3 c6 4. Nf3 Nf6 5. cxd5 exd5 6. Bg5 Be7 7. e3 O-O 8.
Bd3 Bg4 9. Qc2 Nbd7 10. Ne5 Nxe5 11. dxe5 Nd7 12. Bxe7 Qxe7 13. Bxh7+ Kh8
14. f3 Bh5 15. f4 Qh4+ 16. g3 Qg4 17. Bd3 Nc5 18. Be2 Qh3 19. O-O-O Bxe2 20.
Nxe2 Ne4 21. Nc3 Nxc3 22. Qxc3 Qf5 23. Qd3 Qh3 24. e4 dxe4 25. Qxe4 Qe6 26.
Kb1 a5 27. Rd6 Qh3 28. Qe2 a4 29. Rhd1 a3 30. b3 b5 31. Rxc6 Qf5+ 32. Qd3
Qh3 33. Rd2 b4 34. Rb6 Rad8 35. Qe2 Rxd2 36. Qxd2 Qf1+ 37. Qc1 Qd3+ 38. Qc2
Qf1+ 39. Qc1 Qd3+ 40. Qc2 Qf1+ 41. Qc1 Qd3+ 42. Qc2 Qf1+ 43. Qc1 Qd3+ 44.
Qc2 {Game drawn by repetition} 1/2-1/2

[Event "ICCopen2017"]
[Site "Internet Chess Club"]
[Date "2017.03.19"]
[Round "8"]
[White "Darnoc"]
[Black "INDIAN-ELEPHANT"]
[Result "0-1"]
[ICCResult "White resigns"]
[WhiteElo "2933"]
[BlackElo "2741"]
[Opening "Nimzo-Indian: classical, Noa variation, 5.cd ed"]
[ECO "E35"]
[NIC "NI.23"]
[Time "20:38:49"]
[TimeControl "180+0"]

1. d4 Nf6 2. c4 e6 3. Nc3 Bb4 4. Qc2 d5 5. cxd5 exd5 6. Bg5 O-O 7. e3 Nbd7
8. Bd3 h6 9. Bh4 c5 10. Ne2 c4 11. Bf5 Nb6 12. Bxc8 Rxc8 13. O-O Be7 14. a4
Na8 15. Bxf6 Bxf6 16. Nf4 Nc7 17. Qf5 g6 18. Qh3 h5 19. Qf3 Qd6 20. Nfxd5
Bg7 21. Nxc7 Qxc7 22. a5 Rfd8 23. Ra4 Qd7 24. Rfa1 Rc6 25. h3 Rdc8 26. a6 b5
27. Nxb5 Rb6 28. Na3 Qxa4 29. Qd5 Qxa6 30. Rc1 c3 31. Qd7 Rxb2 32. Nc2 Qb7
33. Qa4 Qb5 34. Qa1 Qe2 35. Qa4 Qd2 36. Rf1 Qxc2 37. Qxa7 Rb1 {White
resigns} 0-1

[Event "ICCopen2017"]
[Site "Internet Chess Club"]
[Date "2017.03.19"]
[Round "8"]
[White "UkeCat"]
[Black "atoz"]
[Result "0-1"]
[ICCResult "White resigns"]
[WhiteElo "1105"]
[BlackElo "1453"]
[Opening "Queen's pawn game"]
[ECO "A46"]
[NIC "QP.06"]
[Time "20:37:55"]
[TimeControl "180+0"]

1. d4 Nf6 2. Nf3 c5 3. e3 cxd4 4. exd4 d6 5. Bd3 g6 6. Nbd2 Bg7 7. b3 O-O 8.
Bb2 Nc6 9. a3 e5 10. dxe5 dxe5 11. Ne4 Re8 12. O-O Nd4 13. Nxd4 exd4 14.
Nxf6+ Qxf6 15. Re1 Bf5 16. Rxe8+ Rxe8 17. Qd2 Bxd3 18. Qxd3 Qe5 19. h3 Qd6
20. Rd1 Rd8 21. Bc1 Qc6 22. Bb2 Rc8 23. Rd2 Re8 24. Re2 Rxe2 25. Qxe2 Qe6
26. Qd3 Qe1+ 27. Kh2 Be5+ {White resigns} 0-1

[Event "ICCopen2017"]
[Site "Internet Chess Club"]
[Date "2017.03.19"]
[Round "8"]
[White "iragefree"]
[Black "Atlantis75"]
[Result "1-0"]
[ICCResult "Black checkmated"]
[WhiteElo "1654"]
[BlackElo "1877"]
[Opening "King's Indian: 6.Be2"]
[ECO "E91"]
[NIC "KI.19"]
[Time "20:37:51"]
[TimeControl "180+0"]

1. d4 d6 2. c4 Nf6 3. Nf3 g6 4. Nc3 Bg7 5. e4 O-O 6. Be2 Nc6 7. d5 Nb8 8.
O-O c5 9. Qc2 h6 10. h3 a6 11. Be3 Nbd7 12. Nd2 Rb8 13. f4 Re8 14. Nf3 Nf8
15. e5 Nh5 16. Kh2 dxe5 17. fxe5 Bh8 18. Bxh6 Ng7 19. Bd3 Kh7 20. Be3 b5 21.
Ng5+ Kg8 22. Nxf7 Qc7 23. d6 exd6 24. exd6 Qa5 25. Nh6+ Kh7 26. Rxf8 Rxe3
27. Bxg6+ Kxh6 28. Rxh8+ Kg5 29. h4+ Kg4 30. Qd1+ Kf4 31. Nd5+ Ke5 32. Nxe3
Bb7 33. Nd5 Rxh8 34. Qe2+ Kd4 35. Rd1+ Qd2 36. Rxd2# {Black checkmated} 1-0

[Event "ICCopen2017"]
[Site "Internet Chess Club"]
[Date "2017.03.19"]
[Round "8"]
[White "thxgg"]
[Black "arnav311004"]
[Result "0-1"]
[ICCResult "White forfeits on time"]
[WhiteElo "1879"]
[BlackElo "1674"]
[Opening "King's Indian: Four pawns attack, dynamic line"]
[ECO "E76"]
[NIC "KI.31"]
[Time "20:37:33"]
[TimeControl "180+0"]

1. d4 Nf6 2. c4 g6 3. Nc3 d6 4. e4 Bg7 5. f4 O-O 6. Nf3 c5 7. d5 e6 8. Bd3
exd5 9. cxd5 a6 10. a4 Re8 11. O-O Nbd7 12. Re1 c4 13. Bxc4 Ng4 14. Qc2 Qb6+
15. Kf1 Nc5 16. h3 Nf6 17. Be3 Qc7 18. Rac1 Nfxe4 19. Nxe4 Nxe4 20. Bf2 Bf5
21. Qb3 Nxf2 22. Kxf2 Qc5+ 23. Kf1 Rxe1+ 24. Rxe1 Rc8 25. Bd3 Bxd3+ 26. Qxd3
Bxb2 27. f5 Bf6 28. fxg6 hxg6 29. Nd2 Kg7 30. Ne4 Qb4 31. Nxf6 Kxf6 32. Qf3+
Kg7 33. Re7 Rf8 34. h4 Qxh4 35. Rxb7 Qxa4 36. Qc3+ Kg8 37. Rb4 Qd1+ 38. Kf2
Qxd5 39. Rf4 Qc5+ 40. Qxc5 dxc5 41. Ke3 Rc8 42. Kd3 c4+ 43. Kc3 f5 44. Rd4
Kf7 45. Rd6 g5 46. Rxa6 Rc5 47. g3 Re5 48. Kxc4 Re3 49. Kd5 Rxg3 50. Ke5 f4
51. Kf5 Ke7 52. Ke4 f3 53. Ke3 g4 54. Rg6 Rg2 55. Ra6 f2 56. Ke2 g3 57. Ra3
Rg1 {White forfeits on time} 0-1

[Event "ICCopen2017"]
[Site "Internet Chess Club"]
[Date "2017.03.19"]
[Round "8"]
[White "Hesham-A"]
[Black "Palse"]
[Result "0-1"]
[ICCResult "White resigns"]
[WhiteElo "2505"]
[BlackElo "2220"]
[Opening "English: symmetrical variation"]
[ECO "A37"]
[NIC "EO.28"]
[Time "20:37:42"]
[TimeControl "180+0"]

1. c4 g6 2. Nc3 Bg7 3. g3 c5 4. Bg2 Nc6 5. Nf3 e6 6. O-O Nge7 7. Rb1 O-O 8.
a3 d6 9. b4 b6 10. Bb2 Bb7 11. Qb3 Qd7 12. Ne4 e5 13. Ba1 Rab8 14. d3 f5 15.
Nc3 h6 16. Nd5 Kh7 17. e3 Nxd5 18. cxd5 Ne7 19. Nd2 Rbc8 20. bxc5 Rxc5 21.
e4 f4 22. h4 g5 23. hxg5 hxg5 24. Qd1 g4 25. f3 Ng6 26. fxg4 Bh6 27. g5 Bxg5
28. Qh5+ Bh6 29. Bh3 Qg7 30. Nf3 Bc8 31. Ng5+ Kh8 32. Be6 Rf6 33. Bxc8 Rxc8
34. Ne6 Qh7 35. Kg2 Rg8 36. Rh1 Ne7 37. Rh3 f3+ 38. Kf2 Rc8 39. Bxe5 dxe5
40. Qxe5 Ng8 41. Rb2 Be3+ 42. Kxe3 Qxh3 43. g4 f2+ 44. Kd4 f1=Q 45. Rh2 Qg1+
{White resigns}
0-1

[Event "ICCopen2017"]
[Site "Internet Chess Club"]
[Date "2017.03.19"]
[Round "8"]
[White "VrloJakMK"]
[Black "manneredmonkey"]
[Result "0-1"]
[ICCResult "White forfeits on time"]
[WhiteElo "2056"]
[BlackElo "1767"]
[Opening "Benkö gambit accepted"]
[ECO "A58"]
[NIC "BI.41"]
[Time "20:38:44"]
[TimeControl "180+0"]

1. d4 Nf6 2. c4 c5 3. d5 b5 4. cxb5 a6 5. bxa6 g6 6. Nc3 Bxa6 7. g3 Bg7 8.
Bg2 d6 9. Nh3 Nbd7 10. Nf4 Ne5 11. h4 h5 12. Qc2 O-O 13. O-O Qb6 14. Rb1
Rfb8 15. b3 Qc7 16. Rd1 Ra7 17. Ne4 Nxe4 18. Bxe4 c4 19. b4 Bb5 20. Re1 Ba4
21. Qd2 c3 22. Qe3 Nc4 23. Qf3 c2 24. Rb3 Bxb3 25. axb3 Ne5 26. Qe3 Ra1 27.
Qd2 Rxb4 28. Qxb4 Nd7 29. Qc4 Qxc4 30. bxc4 Bb2 31. Bxc2 Rxc1 32. Rxc1 Bxc1
33. Nd3 Nb6 34. Nxc1 Nxc4 35. Kf1 Ne5 36. f4 Kg7 37. fxe5 dxe5 38. e4 Kf6
39. Nd3 e6 40. d6 Kg7 {White forfeits on time} 0-1

[Event "ICCopen2017"]
[Site "Internet Chess Club"]
[Date "2017.03.19"]
[Round "8"]
[White "saya"]
[Black "Federicov"]
[Result "0-1"]
[ICCResult "White resigns"]
[WhiteElo "2804"]
[BlackElo "3088"]
[Opening "Queen's pawn, Mason variation"]
[ECO "D00"]
[NIC "QP.08"]
[Time "20:39:05"]
[TimeControl "180+0"]

1. d4 d5 2. Bf4 Nf6 3. e3 c5 4. c3 Nc6 5. Nd2 Qb6 6. Qb3 c4 7. Qc2 g6 8. b3
Bf5 9. Qb2 Nh5 10. Bg5 h6 11. Bh4 g5 12. Be2 gxh4 13. Bxh5 Rg8 14. Bf3 O-O-O
15. Ne2 e5 16. g3 Bd3 17. Nc1 e4 18. Bh5 Kb8 19. Bxf7 Rg5 20. gxh4 Rf5 21.
Bg6 Nxd4 22. cxd4 Qxg6 23. Nxd3 cxd3 24. Rf1 Bb4 25. O-O-O Rc8+ {White
resigns} 0-1

[Event "ICCopen2017"]
[Site "Internet Chess Club"]
[Date "2017.03.19"]
[Round "8"]
[White "Dabo"]
[Black "elshaddai"]
[Result "1-0"]
[ICCResult "Black checkmated"]
[WhiteElo "1997"]
[BlackElo "1670"]
[Opening "Philidor: exchange variation"]
[ECO "C41"]
[NIC "KP.08"]
[Time "20:38:06"]
[TimeControl "180+0"]

1. e4 e5 2. Nf3 d6 3. d4 exd4 4. Nxd4 Nf6 5. Nc3 Be7 6. Bf4 O-O 7. Qd2 a6 8.
O-O-O b5 9. f3 Nbd7 10. Nf5 Nb6 11. g4 b4 12. Nxe7+ Qxe7 13. Nd5 Nfxd5 14.
exd5 Bb7 15. Qxb4 Bxd5 16. Bg2 a5 17. Qd4 a4 18. Rhe1 Qd7 19. a3 Be6 20. h3
Rab8 21. Bg3 Nc4 22. f4 Rxb2 23. f5 Rfb8 24. Qxb2 Nxb2 25. fxe6 fxe6 26. Rd4
Qb5 27. Rb4 Qg5+ 28. Bf4 Qd8 29. Rxb2 Rxb2 30. Kxb2 e5 31. Bd5+ Kh8 32. Bd2
h6 33. Rf1 Qh4 34. Rf8+ Kh7 35. Be4+ g6 36. Rf7+ Kg8 37. Rxc7 Qxh3 38. Bd5+
Kf8 39. Be6 h5 40. Bb4 Qg3 41. Bxd6+ Ke8 42. Rc8# {Black checkmated} 1-0

[Event "ICCopen2017"]
[Site "Internet Chess Club"]
[Date "2017.03.19"]
[Round "8"]
[White "ontheprowl"]
[Black "arshavin2015"]
[Result "0-1"]
[ICCResult "White checkmated"]
[WhiteElo "1588"]
[BlackElo "2025"]
[Opening "Robatsch (modern) defense"]
[ECO "B06"]
[NIC "KF.05"]
[Time "20:37:53"]
[TimeControl "180+0"]

1. e4 g6 2. d4 Bg7 3. Nf3 c5 4. Nc3 Qa5 5. Be3 Nf6 6. Bd3 c4 7. Bxc4 Nxe4 8.
Qd3 Nxc3 9. bxc3 O-O 10. O-O d5 11. Bb3 Bf5 12. Qd2 Rc8 13. Qe1 h6 14. Bd2
Qd8 15. Qe2 Bg4 16. Rfe1 Nc6 17. h3 Bxf3 18. Qxf3 e6 19. c4 Nxd4 20. Qd3
dxc4 21. Bxc4 b5 22. Bxb5 Nxc2 23. Qxd8+ Rxd8 24. Rac1 Rxd2 25. Re4 Rad8 26.
Ba4 Nd4 27. Rc7 Rxa2 28. Rxa7 Nb5 29. Ra6 Nc3 30. Rb4 Nxa4 31. Rbxa4 Rxa4
32. Rxa4 Rd2 33. Ra8+ Kh7 34. Ra7 f5 35. f4 g5 36. fxg5 hxg5 37. Re7 Rd6 38.
Kf2 Kg6 39. Ke3 Bf6 40. Re8 e5 41. g4 f4+ 42. Kf3 Kf7 43. Ra8 Rd3+ 44. Ke4
Rxh3 45. Kf5 Be7 46. Ra7 f3 47. Kxe5 f2 48. Ra1 Rf3 49. Rf1 Bf6+ 50. Ke4
Rf4+ 51. Ke3 Ke6 52. Rxf2 Bd4+ 53. Kd3 Rxf2 54. Kxd4 Rf4+ 55. Ke3 Rxg4 56.
Kf3 Kf5 57. Kf2 Kf4 58. Kf1 Kf3 59. Ke1 Rg2 60. Kf1 Rd2 61. Ke1 Ra2 62. Kf1
Ra1# {White checkmated} 0-1